 Dungeon Crawl Stone Soup version 0.25.1-2-g60ff931df9 (webtiles) character file.

Game seed: 18021571644308807446

9291 lorenzova the Thaumaturge (level 11, 0/54 HPs)
             Began as a Deep Elf Conjurer on Aug 27, 2020.
             Was an Elder of Vehumet.
             Slain by a black bear (4 damage)
             ... on level 10 of the Dungeon.
             The game lasted 00:31:21 (13673 turns).

lorenzova the Thaumaturge (Deep Elf Conjurer)      Turns: 13673, Time: 00:31:22

Health: 0/54       AC:  3    Str:  5    XL:     11   Next: 21%
Magic:  23/30      EV: 13    Int: 24    God:    Vehumet [****..]
Gold:   511        SH:  5    Dex: 15    Spells: 26/37 levels left

rFire    . . .     SeeInvis .   t - +1 dagger (protect)
rCold    . . .     Gourm    .   (no shield)
rNeg     . . .     Faith    .   a - +1 robe
rPois    +         Spirit   .   (no helmet)
rElec    .         Reflect  +   H - scarf {repulsion}
rCorr    .         Harm     .   (no gloves)
MR       +....                  (no boots)
Stlth    ++........             E - amulet of reflection
HPRegen  0.18/turn              G - ring of poison resistance
MPRegen  0.22/turn              (no ring)

@: lethally poisoned (0 -> -29), repel missiles
A: no striking features
a: Renounce Religion


You were on level 10 of the Dungeon.
You worshipped Vehumet.
Vehumet was greatly pleased with you.
You were not hungry.

You visited 3 branches of the dungeon, and saw 12 of its levels.

You collected 511 gold pieces.

Inventory:

Hand Weapons
 s - a +2 dagger of holy wrath
 t - a +1 dagger of protection (weapon)
Armour
 a - a +1 robe (worn)
 H - a scarf of repulsion (worn)
Magical Staves
 D - an uncursed staff of earth
Jewellery
 o - an uncursed amulet of regeneration
 z - an uncursed amulet of guardian spirit
 E - an amulet of reflection (around neck)
 G - a ring of poison resistance (left hand)
Wands
 b - a wand of paralysis (2)
 w - a wand of digging (4)
Scrolls
 d - 2 scrolls of random uselessness
 f - 6 scrolls of amnesia
 h - 5 scrolls of magic mapping
 i - 2 scrolls of enchant armour
 l - a scroll of identify
 n - 2 scrolls of fear {unknown}
 p - 5 scrolls of remove curse {unknown}
 x - 4 scrolls of immolation {unknown}
 y - a scroll of noise {unknown}
 A - a scroll of vulnerability {unknown}
 B - 3 scrolls of teleportation
Potions
 g - 2 potions of haste
 j - 3 potions of flight
 m - a potion of magic
 q - 4 potions of curing
 r - 2 potions of might
 u - a potion of lignification
 v - a potion of stabbing
 C - a potion of experience
 F - a potion of brilliance
 J - 3 potions of ambrosia {unknown}
Comestibles
 c - 13 rations


   Skills:
 - Level 2.4 Dodging
 - Level 2.4 Stealth
 * Level 13.7 Spellcasting
 * Level 12.3 Conjurations
 + Level 8.9 Hexes
 - Level 6.0 Translocations


You had 26 spell levels left.
You knew the following spells:

 Your Spells              Type           Power        Failure   Level  Hunger
a - Magic Dart            Conj           ####         0%          1    None
b - Searing Ray           Conj           ######       1%          2    None
c - Iskenderun's Mystic   Conj/Tloc      ######..     1%          4    None
d - Fulminant Prism       Conj/Hex       ######....   1%          4    None

Your spell library contained the following spells:

 Spells                   Type           Power        Failure   Level  Hunger
 Stone Arrow              Conj/Erth      #####.       1%          3    None
 Confusing Touch          Hex            ######..     1%          3    None
 Dazzling Flash           Conj/Hex       ######       1%          3    None
 Gell's Gravitas          Tloc           #####.....   1%          3    None
 Yara's Violent Unravell  Hex/Tmut       #####.....   4%          5    ###....
 Metabolic Englaciation   Hex/Ice        #####.....   16%         5    ###....
 Petrify                  Tmut/Erth      ###.....     34%         4    None


Dungeon Overview and Level Annotations

Branches:
Dungeon (10/15)            Temple (1/1) D:4            Lair (1/6) D:10
    Orc (0/2) D:9

Altars:
Ashenzari
Cheibriados
Dithmenos
Elyvilon
Fedhas
Gozag
Hepliaklqana
Kikubaaqudgha
Makhleb
Nemelex Xobeh
Okawaru
Qazlal
Ru
Sif Muna
Trog
Uskayaw
Vehumet
Wu Jian
Xom
Yredelemnul
Zin
The Shining One

Shops:
D:5 *


Message History

The blast of energy engulfs the black bear!!
The black bear is severely wounded.
The blast of energy engulfs the spiny frog!
The spiny frog is severely wounded.
The blast of energy engulfs the plant!!
The plant is almost destroyed.
The blast of energy engulfs the plant.
The plant is heavily damaged.
The spiny frog stings you!
* * * LOW HITPOINT WARNING * * *
You are lethally poisoned!
The spiny frog poisons you!
The searing ray hits the spiny frog!
The spiny frog is almost dead.
* * * LOW HITPOINT WARNING * * *
You feel very sick. The black bear bites you.
* * * LOW HITPOINT WARNING * * *
You block the black bear's attack. The black bear claws you.
You die...

.## #......##.#.##.#..# ..##
#####.####<...[.##.#..#
...########...........#.####.#...
...............###....#.# #.....
.##########.#...≈...#...# ###...
.# #####..#...#..#..# #### .#
##...#.##.÷.##.#.## '##
#....#...hFPP..#.# # ..##
#..###≈.PP@P..≈#.# ## ...##
#..###...PPPP..#.### ##)
....###..#.#.##P.P##.#.#.## ##..
.....##....#..#...#..#....####...
.....'......#...≈...#........'...
.....####......###......>.####...
....## #...............#.## ##..
...## #.###.##.######.### ##.
..## #.# #.##.# #.## ##


You could see a spiny frog and a black bear.

Vanquished Creatures
  A two-headed ogre (D:10)
  An unseen horror (D:10)
  An ugly thing (D:9)
  A polar bear (D:10)
  Grinder (D:5)
  Prince Ribbit (D:6)
  2 hippogriffs
  Eustachio (D:5)
  A hungry ghost (D:8)
  A steam dragon (D:10)
  Menkaure (D:4)
  Duvessa (D:5)
  2 water moccasins
  2 orc warriors (D:10)
  A hornet zombie (D:10)
  3 sky beasts
  7 black bears
  An ice beast (D:9)
  7 ogres
  2 phantoms
  2 wolves (D:10)
  2 centaurs
  A big kobold (D:7)
  6 bullfrogs
  A gnoll sergeant (D:9)
  A water moccasin skeleton (D:9)
  Dowan (D:5)
  2 scorpions
  19 killer bees
  8 wights
  3 howler monkeys
  A bullfrog zombie (D:10)
  7 crimson imps
  5 hounds
  7 jellies
  2 centaur skeletons (D:4)
  2 orc priests
  Ijyb (D:5)
  7 orc wizards
  A bullfrog skeleton (D:3)
  4 iguanas
  4 worker ants
  Robin (D:4)
  A howler monkey zombie (D:8)
  5 gnolls (D:9)
  11 adders
  3 shadow imps
  6 oozes
  2 adder zombies (D:9)
  An adder skeleton (D:4)
  4 worms
  2 dart slugs
  5 leopard geckos
  23 orcs
  8 bats
  3 giant cockroaches
  11 hobgoblins
  14 jackals
  5 quokkas
  A ball python (D:3)
  7 frilled lizards
  19 goblins
  16 kobolds
  A leopard gecko skeleton (D:6)
  A quokka skeleton (D:4)
  3 rats
  2 plants (D:10)
280 creatures vanquished.

Vanquished Creatures (others)
  29 fulminant prisms
29 creatures vanquished.

Grand Total: 309 creatures vanquished

Notes
Turn   | Place    | Note
-------+----------+-------------------------------------------
     0 | D:1      | lorenzova the Deep Elf Conjurer began the quest for the
                  | Orb.
     0 | D:1      | Reached XP level 1. HP: 10/10 MP: 6/6
   164 | D:1      | Reached XP level 2. HP: 15/15 MP: 5/8
   168 | D:1      | Learned a level 2 spell: Searing Ray
   793 | D:1      | Reached skill level 4 in Spellcasting
   924 | D:2      | Reached XP level 3. HP: 18/19 MP: 0/10
   986 | D:2      | Reached skill level 5 in Conjurations
  1189 | D:2      | Found a snail-covered altar of Cheibriados.
  1263 | D:2      | You fall into a shaft and drop 1 floor!
  2176 | D:3      | Reached XP level 4. HP: 24/24 MP: 4/12
  2827 | D:3      | Reached skill level 5 in Spellcasting
  2980 | D:3      | Found an ornate altar of the Wu Jian Council.
  3275 | D:3      | Found a stormy altar of Qazlal.
  3420 | D:4      | Reached XP level 5. HP: 28/28 MP: 9/15
  3519 | D:4      | Noticed an ogre
  3680 | D:4      | Noticed Menkaure
  3833 | D:4      | Killed an ogre
  3833 | D:4      | Reached skill level 6 in Spellcasting
  3833 | D:4      | Reached XP level 6. HP: 32/32 MP: 9/17
  3895 | D:4      | Learned a level 4 spell: Iskenderun's Mystic Blast
  3900 | D:4      | Learned a level 4 spell: Fulminant Prism
  3984 | D:4      | Reached skill level 1 in Hexes
  4049 | D:4      | Found a staircase to the Ecumenical Temple.
  4077 | Temple   | Entered the Ecumenical Temple
  4084 | Temple   | Became a worshipper of Vehumet
  4272 | D:4      | Killed Menkaure
  4272 | D:4      | Reached skill level 7 in Spellcasting
  4272 | D:4      | Reached skill level 1 in Translocations
  4272 | D:4      | Reached XP level 7. HP: 36/36 MP: 13/19
  4521 | D:4      | Noticed Robin
  4530 | D:4      | Killed Robin
  4777 | D:5      | Entered Level 5 of the Dungeon
  4896 | D:5      | Found a blossoming altar of Fedhas.
  5015 | D:5      | Noticed Eustachio
  5018 | D:5      | Noticed Duvessa
  5022 | D:5      | Killed Eustachio
  5040 | D:5      | Noticed Dowan
  5052 | D:5      | Killed Dowan
  5052 | D:5      | Reached skill level 8 in Spellcasting
  5141 | D:5      | Noticed Ijyb
  5145 | D:5      | Paralysed by Ijyb for 3 turns
  5155 | D:5      | Killed Ijyb
  5215 | D:5      | Killed Duvessa
  5215 | D:5      | Reached XP level 8. HP: 41/41 MP: 16/22
  5283 | D:5      | Found Vuukhlas's Mass Market.
  5362 | D:5      | Noticed Grinder
  5368 | D:5      | Killed Grinder
  5374 | D:5      | Reached * piety under Vehumet
  5374 | D:5      | Offered knowledge of Sandblast by Vehumet.
  5632 | D:5      | Reached skill level 9 in Spellcasting
  5774 | D:5      | Found a sparkling altar of Nemelex Xobeh.
  5958 | D:6      | Found a shimmering blue altar of Sif Muna.
  5993 | D:6      | Noticed Prince Ribbit
  5998 | D:6      | Killed Prince Ribbit
  6313 | D:6      | Reached skill level 5 in Hexes
  6313 | D:6      | Reached XP level 9. HP: 45/45 MP: 22/24
  6582 | D:6      | Found a burning altar of Makhleb.
  6987 | D:7      | Reached skill level 10 in Spellcasting
  7163 | D:7      | Found a bloodstained altar of Trog.
  7629 | D:7      | Found a shadowy altar of Dithmenos.
  8318 | D:8      | Reached ** piety under Vehumet
  8318 | D:8      | Offered knowledge of Freeze by Vehumet.
  8344 | D:8      | Reached skill level 5 in Translocations
  8414 | D:8      | Reached skill level 10 in Conjurations
  8475 | D:8      | Reached skill level 11 in Spellcasting
  9692 | D:9      | Reached XP level 10. HP: 50/50 MP: 22/27
  9991 | D:9      | Noticed a cyan ugly thing
 10161 | D:9      | Killed a cyan ugly thing
 10205 | D:9      | Offered knowledge of Ignite Poison by Vehumet.
 10314 | D:9      | Reached skill level 12 in Spellcasting
 10680 | D:9      | Reached *** piety under Vehumet
 10755 | D:9      | Found a white marble altar of Elyvilon.
 10841 | D:9      | Found a staircase to the Orcish Mines.
 10871 | D:10     | Entered Level 10 of the Dungeon
 10871 | D:10     | Found a staircase to the Lair.
 10949 | D:9      | Found a shimmering altar of Xom.
 11289 | D:10     | Killed an unseen horror
 11641 | D:10     | Offered knowledge of Static Discharge by Vehumet.
 11751 | D:10     | Reached skill level 13 in Spellcasting
 12280 | D:10     | Noticed a two-headed ogre
 12289 | D:10     | Killed a two-headed ogre
 12385 | D:10     | Reached XP level 11. HP: 45/54 MP: 27/30
 12421 | D:10     | Reached **** piety under Vehumet
 12601 | D:10     | Offered knowledge of Stone Arrow by Vehumet.
 13107 | Lair:1   | Entered Level 1 of the Lair of Beasts
 13673 | D:10     | Slain by a black bear

Illustrated notes

Levels and vault maps discovered:
D:1:      minmay_arrival_checkered_box, layout_loops_ring
D:2:      layout_loops_corners, lemuel_crystal_altar, first_ration,
          minmay_misc_feat_secret_circle
D:3:      layout_basic, nicolae_overflow_crystal_walls,
          nicolae_qazlal_eye_of_the_storm
D:4:      layout_gridville, minmay_temple_entry_mini_moons, minmay_checkerbox,
          uniq_robin, uniq_menkaure
D:5:      layout_basic, fedhas_altar_2, marbit_many_paths, minmay_shop_mass,
          uniq_ijyb, uniq_duvessa, uniq_grinder, uniq_eustachio
D:6:      layout_loops_ring, led_sif_pool, kennysheep_mini_moat,
          uniq_prince_ribbit1
D:7:      layout_gridville, nicolae_dithmenos_the_darkroom,
          trog_three_pillars_becter
D:8:      layout_basic
D:9:      layout_cave_pools, nicolae_overflow_hidden_temple, orc_0_dummy,
          hangedman_little_slice_of_home, hangedman_decor_lopped
D:10:     layout_loops_corners, dpeg_oklobed_lair
Temple:   cyrus_circular_temple
Lair:1:   beast_lair_carwin_large_3, layout_regular_city, serial_bayou_pond_b,
          nicolae_quartered_pool_super, st_stairs_10,
          chequers_serial_rivers_micro_c, lemuel_fruit_tree,
          serial_bayou_shore_a, infiniplex_staircase_pool_2

Skill      XL: |  1  2  3  4  5  6  7  8  9 10 11 |
---------------+----------------------------------+-----
Spellcasting   | 4 5 6 7 8 9 11 13 | 13.7
Conjurations   | 5 6 7 9 10 11 12 | 12.3
Hexes          | 1 3 5 6 8 |  8.9
Translocations | 1 2 4 5 6 |  6.0
Dodging        | |  2.4
Stealth        | |  2.4

Action                   |  1- 3 |  4- 6 |  7- 9 | 10-12 || total
-------------------------+-------+-------+-------+-------++-------
Melee: Dagger            |       |       |       |   156 ||   156
 Cast: Magic Dart        |    88 |    97 |   159 |   111 ||   455
       Searing Ray       |       |     6 |    50 |    48 ||   104
       Fulminant Prism   |       |       |     8 |    22 ||    30
       Iskenderun's Myst |       |       |       |     6 ||     6
  Use: Scroll            |       |     6 |     9 |     3 ||    18
       Potion            |       |       |     1 |     2 ||     3
  Eat: Chunk             |     3 |     7 |    15 |     7 ||    32
       Ration            |       |       |       |     2 ||     2
Armor: Robe              |     1 |     3 |     5 |    14 ||    23
Dodge: Dodged            |     3 |    15 |    40 |    71 ||   129
Block: Other             |       |       |     2 |    19 ||    21
